 Dungeon Crawl Stone Soup version 0.24.0-41-g2ae2f7f1be (webtiles) character file.

Game seed: 610458129875072668, levelgen mode: deterministic

344 Devinter the Skirmisher (level 6, -9/50 HPs)
             Began as a Demonspawn Monk on Dec 9, 2019.
             Was a Believer of Makhleb.
             Blown up by Ijyb (11 damage)
             ... with a disintegration bolt
             ... on level 3 of the Dungeon.
             The game lasted 00:17:31 (2946 turns).

Devinter the Skirmisher (Demonspawn Monk)           Turns: 2946, Time: 00:17:31

Health: -9/50      AC: 11    Str: 11    XL:     6   Next: 31%
Magic:  6/6        EV:  6    Int: 17    God:    Makhleb [**....]
Gold:   118        SH:  0    Dex: 17    Spells: 5/5 levels left

rFire    . . .     SeeInvis .   a - +0 falchion
rCold    . . .     Gourm    .   (no shield)
rNeg     . . .     Faith    .   o - +0 chain mail
rPois    .         Spirit   .   g - +0 helmet
rElec    .         Reflect  .   t - +0 cloak (curse)
rCorr    .         Harm     .   (no gloves)
MR       .....                  (no boots)
Stlth    ..........             (no amulet)
HPRegen  0.16/turn              (no ring)
MPRegen  0.10/turn              (no ring)

@: brilliant
A: talons 1, nightstalker 1
a: Minor Destruction, Renounce Religion


You were on level 3 of the Dungeon.
You worshipped Makhleb.
Makhleb was pleased with you.
You were not hungry.

You visited 1 branch of the dungeon, and saw 3 of its levels.

You collected 118 gold pieces.

Inventory:

Hand Weapons
 a - a +0 falchion (weapon)
 j - a +3 scythe
 l - a +0 quarterstaff
Missiles
 f - 49 stones (quivered)
 p - 11 arrows
Armour
 b - a +0 robe
 g - a +0 helmet (worn)
 o - a +0 chain mail (worn)
 t - a cursed +0 cloak (worn)
 u - a +0 scale mail
Jewellery
 k - a cursed ring of teleportation {unknown}
Scrolls
 d - 2 scrolls of amnesia {unknown}
 e - a scroll of fog {unknown}
 m - a scroll of enchant armour {unknown}
 n - a scroll of immolation {unknown}
 q - a scroll of enchant weapon {unknown}
 r - a scroll of identify {unknown}
 s - a scroll of magic mapping {unknown}
 w - a scroll of random uselessness {unknown}
Potions
 h - a potion of curing {unknown}
 i - a potion of flight
 v - a potion of might {unknown}
 x - a potion of brilliance
Comestibles
 c - 4 rations


   Skills:
 + Level 4.9 Fighting
 + Level 4.3 Long Blades
 + Level 2.4 Armour
 - Level 3.0 Dodging
 - Level 2.0 Stealth
 * Level 0.6 Invocations


You had 5 spell levels left.
You didn't know any spells.
Your spell library was empty.

Dungeon Overview and Level Annotations

Branches:
Dungeon (3/15)

Altars:
Kikubaaqudgha
Makhleb
Vehumet

Annotations:
D:3 Ijyb


Innate Abilities, Weirdness & Mutations

You have sharp toenails.
You are slightly more attuned to the shadows.


Message History

You barely resist. You hit Ijyb but do no damage.
You claw Ijyb, but do no damage.
Ijyb is moderately wounded.
Ijyb screams, "Die!"
Ijyb hits you but does no damage.
You hit Ijyb. You claw Ijyb, but do no damage.
Ijyb is heavily wounded.
Ijyb hits you but does no damage.
You closely miss Ijyb. You claw Ijyb, but do no damage.
Ijyb is heavily wounded.
Ijyb zaps a wand.
You are blasted!
Ouch! That really hurt!
* * * LOW HITPOINT WARNING * * *
Okay, then.
It was a potion of brilliance.
You feel clever all of a sudden.
Ijyb zaps a wand.
You are blasted!
You die...

##.## ### #...## #
####.###.### # #....
#...# # #.## #.#.# #
#.# ..##.# # #.# #.#
#.# # # ##g## #.###<# #
...#.##.#@###.....# ##
.#...g###.##.###.# #.
#.....g.###...# #.# #.
#.....g.##.##.###.# #.
#8..g..8#.####....#####
#.
#....g..#....†........#
#.
#8.....8######.######.#
#. #.......# #.# #.# #.
8.....8# #.# ##.###.


You could see Ijyb.

Vanquished Creatures
  Sigmund (D:2)
  A bullfrog (D:3)
  A crimson imp (D:3)
  2 adders
  An ooze (D:1)
  3 worms
  3 giant cockroaches
  8 goblins
  7 hobgoblins
  9 jackals
  A ball python (D:3)
  7 bats
  3 frilled lizards
  8 kobolds
  5 rats
60 creatures vanquished.

Notes
Turn   | Place    | Note
-------+----------+-------------------------------------------
     0 | D:1      | Devinter the Demonspawn Monk began the quest for the Orb.
     0 | D:1      | Reached XP level 1. HP: 18/18 MP: 1/1
   264 | D:1      | Reached skill level 2 in Stealth
   267 | D:1      | Gained mutation: You are slightly more attuned to the
                  | shadows. [demonic ancestry]
   267 | D:1      | Reached XP level 2. HP: 15/24 MP: 2/2
   621 | D:1      | Reached skill level 3 in Dodging
   995 | D:1      | Reached skill level 3 in Long Blades
  1166 | D:2      | Gained mutation: You have sharp toenails. [demonic
                  | ancestry]
  1166 | D:2      | Reached XP level 3. HP: 17/29 MP: 3/3
  1787 | D:2      | Found an ancient bone altar of Kikubaaqudgha.
  1853 | D:2      | Noticed Sigmund
  2185 | D:2      | Killed Sigmund
  2185 | D:2      | Reached skill level 4 in Fighting
  2185 | D:2      | Reached skill level 4 in Long Blades
  2185 | D:2      | Reached skill level 1 in Armour
  2185 | D:2      | Reached XP level 4. HP: 25/38 MP: 4/4
  2185 | D:2      | Reached XP level 5. HP: 28/43 MP: 5/5
  2418 | D:3      | Reached skill level 2 in Armour
  2418 | D:3      | Reached XP level 6. HP: 38/49 MP: 6/6
  2514 | D:3      | Found a radiant altar of Vehumet.
  2514 | D:3      | Found a burning altar of Makhleb.
  2529 | D:3      | Became a worshipper of Makhleb the Destroyer
  2529 | D:3      | Reached * piety under Makhleb
  2529 | D:3      | Reached ** piety under Makhleb
  2939 | D:3      | Noticed Ijyb
  2945 | D:3      | HP: 1/50 [disintegration (29)]
  2946 | D:3      | Blown up by Ijyb

Levels and vault maps discovered:
D:1:      nicolae_arrival_somewhat_less_tricky_arrival, layout_basic
D:2:      layout_loops_cross, nicolae_overflow_hidden_temple, uniq_sigmund
D:3:      kennysheep_the_goblin_king, layout_loops_ring,
          grunt_temple_overflow_lords_of_destruction

Skill      XL: |  1  2  3  4  5 |
---------------+----------------+-----
Stealth        | 2 |  2.0
Dodging        | 3 |  3.0
Long Blades    | 3 4 |  4.3
Fighting       | 4 |  4.9
Armour         | 1 2 |  2.4
Invocations    | |  0.6

Action                   |  1- 3 |  4- 6 || total
-------------------------+-------+-------++-------
Melee: Falchion          |   135 |    69 ||   204
       Kick              |    10 |    25 ||    35
  Use: Potion            |     3 |     1 ||     4
 Stab: Sleeping          |     4 |       ||     4
  Eat: Chunk             |     3 |       ||     3
       Ration            |       |     1 ||     1
Armor: Robe              |    18 |       ||    18
       Skin              |    15 |       ||    15
       Chain mail        |     5 |    33 ||    38
Dodge: Dodged            |    91 |    20 ||   111
       Rpst.: Falchion   |    29 |     8 ||    37
